 Dungeon Crawl Stone Soup version 0.18-a0-1800-gdc7a371 (webtiles) character file.

451 M4edhros the Insei (level 7, 0/41 HPs)
             Began as an Octopode Necromancer on Apr 24, 2016.
             Slain by an orc
             ... wielding a +0 dagger
              (2 damage)
             ... on level 5 of the Dungeon.
             The game lasted 00:09:20 (971 turns).

M4edhros the Insei (Octopode Necromancer)            Turns: 971, Time: 00:09:21

Health: 0/41       AC:  1    Str:  8    XL:     7   Next: 4%
Magic:  1/10       EV: 12    Int: 17    God:
Gold:   131        SH:  0    Dex: 14    Spells: 3 memorised, 5 levels left

rFire  . . .     SeeInvis .       - Unarmed
rCold  . . .     Gourm    .     (no shield)
rNeg   . . .     Faith    .     (helmet restricted)
rPois  .         Spirit   .     (no amulet)
rElec  .         Dismiss  .     (no ring)
rCorr  .         Reflect  .     (no ring)
SustAt .         Harm     .     (no ring)
MR     .....                    (no ring)
Stlth  +++.......               (no ring)
                                (no ring)
                                (no ring)
                                (no ring)

@: very slightly contaminated, not resistant to hostile enchantments, fairly
stealthy
A: almost no armour, amphibious, 8 rings, constrict 8, camouflage 1, gelatinous
body 1
a: no special abilities


You were on level 5 of the Dungeon.
You were very hungry.

You visited 1 branch of the dungeon, and saw 6 of its levels.

You collected 131 gold pieces.

Inventory:

Hand Weapons
 g - a +1 dagger of venom
Missiles
 l - 6 steel javelins (quivered)
Scrolls
 f - a scroll of recharging
Potions
 h - a potion of magic
Books
 a - a book of Necromancy

   Spells                             Type                      Level
   a - Pain                           Necromancy                   1
   b - Animate Skeleton               Necromancy                   1
   c - Vampiric Draining              Necromancy                   3
   d - Regeneration                   Charms/Necromancy            3
   e - Animate Dead                   Necromancy                   4
   f - Control Undead                 Necromancy                   4
Comestibles
 b - 3 bread rations
 c - 2 chunks of flesh
 d - 2 meat rations
 i - 5 fruits


   Skills:
 - Level 2.0 Dodging
 - Level 2.6 Stealth
 + Level 7.0 Unarmed Combat
 - Level 2.0 Spellcasting
 - Level 4.0 Necromancy


You had 5 spell levels left.
You knew the following spells:

 Your Spells              Type           Power        Failure   Level  Hunger
a - Pain                  Necr           ###.         3%          1    #......
b - Animate Skeleton      Necr           N/A          3%          1    #......
r - Regeneration          Chrm/Necr      #.........   24%         3    ###....


Dungeon Overview and Level Annotations

Branches:
Dungeon (6/15)
 Temple: D:4-7

Altars:
Dithmenos
Fedhas

Shops:
D:5 [(*

Annotations:
D:3 stickyfingers's ghost, weakling NaSk


Innate Abilities, Weirdness & Mutations

You cannot wear most types of armour.
You are amphibious.
You can wear up to eight rings at the same time.
You can use your tentacles to constrict eight enemies at once.
Your skin changes colour to match your surroundings (Stealth).
Your rubbery body absorbs attacks (AC +1).


Message History

* * * LOW HITPOINT WARNING * * *
The jackal bites you.
* * * LOW HITPOINT WARNING * * *
Unknown command.
You barely miss the jackal. You grab the jackal.
The jackal is severely wounded.
You constrict the jackal, but do no damage.
The jackal bites you.
* * * LOW HITPOINT WARNING * * *
The orc misses you.
Unknown command.
You tentacle-slap the jackal.
You kill the jackal!
The orc hits you with a dagger.
* * * LOW HITPOINT WARNING * * *
Unknown command.
You tentacle-slap the jackal.
You kill the jackal!
The orc hits you with a dagger.
You die...

####......# #. ..........# #.
#......###############.
#.♣.(....#...)c........
###♣.∩.♣.o?##.######......
#....♣####§##.# #......
#..c..# #.(o.# #.....#
##.....##############.....#
..........†@oc...)..........
..##.∩.....############......
. ##......# #......# #......
#......# #......# #......
##.....# #......# ######.
#.....# #......# #. .......#
#......# ## .....####
#......######### .....
#...............


You could see a centaur and an orc.

Vanquished Creatures
  Sigmund (D:2)
  A scorpion (D:5)
  A hound (D:5)
  A jelly (D:5)
  A giant frog skeleton (D:4)
  2 orc wizards
  A worker ant (D:4)
  2 adders
  2 worms (D:2)
  A giant gecko (D:1)
  5 orcs
  A ball python (D:1)
  A giant cockroach (D:1)
  4 jackals (D:5)
  2 quokkas
  2 bats (D:1)
  A giant newt (D:1)
  3 goblins
  3 kobolds
  3 rats
38 creatures vanquished.

Vanquished Creatures (collateral kills)
  A jelly (D:5)
  An orc (D:4)
  A bat (D:3)
3 creatures vanquished.

Grand Total: 41 creatures vanquished

Notes
Turn   | Place    | Note
--------------------------------------------------------------
     0 | D:1      | M4edhros the Octopode Necromancer began the quest for the Orb.
     0 | D:1      | Reached XP level 1. HP: 11/11 MP: 3/3
    43 | D:2      | Noticed Sigmund
    86 | D:1      | Reached skill level 1 in Unarmed Combat
   165 | D:2      | Reached XP level 2. HP: 15/17 MP: 3/5
   250 | D:2      | Killed Sigmund
   250 | D:2      | Reached skill level 5 in Unarmed Combat
   250 | D:2      | Reached XP level 3. HP: 6/21 MP: 6/6
   250 | D:2      | Reached XP level 4. HP: 8/27 MP: 7/7
   250 | D:2      | Reached XP level 5. HP: 10/31 MP: 8/8
   281 | D:2      | Learned a level 3 spell: Regeneration
   283 | D:2      | Learned a level 1 spell: Animate Skeleton
   339 | D:3      | Found a shadowy altar of Dithmenos.
   406 | D:3      | Noticed stickyfingers's ghost (weakling NaSk)
   575 | D:4      | Reached XP level 6. HP: 15/36 MP: 3/9
   629 | D:5      | Entered Level 5 of the Dungeon
   659 | D:5      | Reached skill level 6 in Unarmed Combat
   691 | D:6      | Noticed an orc warrior
   697 | D:6      | Found a blossoming altar of Fedhas.
   763 | D:5      | Found Oloan's Assorted Antiques.
   923 | D:5      | Found Guppooc's Armour Shoppe.
   929 | D:5      | Found Fesejaor's Antique Weapon Emporium.
   938 | D:5      | HP: 1/36 [centaur/arrow (9)]
   948 | D:5      | Reached skill level 7 in Unarmed Combat
   948 | D:5      | Reached XP level 7. HP: 6/41 MP: 1/10
   970 | D:5      | HP: 2/41 [orc/dagger (1)]
   971 | D:5      | Slain by an orc

Vault maps used:
D:1:      dpeg_arrival_rhombus
D:2:      uniq_sigmund
D:3:      nicolae_dithmenos_shadow_blocks
D:5:      first_bread, serial_shops, nicolae_shop_trees, shop, shop
D:6:      old_standard_altar

Skill      XL: |  1  2  3  4  5  6 |
---------------+-------------------+-----
Unarmed Combat | 1 5 7 |  7.0
Dodging        | |  2.0
Stealth        | |  2.6
Spellcasting   | |  2.0
Necromancy     | |  4.0

Action                   |  1- 3 |  4- 6 |  7- 9 || total
-------------------------+-------+-------+-------++-------
Melee: Unarmed           |    10 |    32 |     5 ||    47
       Tentacles         |     2 |    14 |       ||    16
       Constrict         |     1 |    13 |     1 ||    15
       Dagger            |       |    28 |       ||    28
       Punch             |       |     3 |       ||     3
 Cast: Pain              |    12 |    20 |       ||    32
       Animate Skeleton  |       |     6 |       ||     6
       Regeneration      |       |    11 |       ||    11
  Use: Potion            |     1 |     4 |       ||     5
       Scroll            |     1 |     2 |       ||     3
 Stab: Invisible         |     1 |       |       ||     1
       Sleeping          |       |     2 |       ||     2
  Eat: Chunk             |       |     2 |       ||     2
Armor: Skin              |       |     2 |       ||     2
Dodge: Dodged            |     6 |    29 |     2 ||    37
